 Dungeon Crawl Stone Soup version 0.30-a0-242-g7bf8e6d787 (webtiles) character file.

Game seed: 1038135224240886462

6240 KennySheep the Fighter (level 10, 0/107 HPs)
             Began as an Ogre Warper on Oct 11, 2022.
             Was a Priest of Vehumet.
             Slain by a komodo dragon (24 damage)
             ... on level 1 of the Lair of Beasts.
             The game lasted 00:40:01 (11576 turns).

KennySheep the Fighter (Ogre Warper)               Turns: 11576, Time: 00:40:01

Health: 0/107      AC: 15    Str: 21    XL:     10   Next: 93%
Magic:  39/39      EV: 10    Int: 16    God:    Vehumet [***...]
Gold:   138        SH:  0    Dex:  8    Spells: 9/24 levels left

rFire   . . .      SeeInvis .    a - +3 mace (protect)
rCold   . . .      Faith    .    (no shield)
rNeg    . . .      Spirit   .    I - +1 steam dragon scales
rPois   .          Reflect  .    (helmet restricted)
rElec   .          Harm     .    B - +0 cloak
rCorr   .          Rampage  .    (gloves unavailable)
Will    +++..                    (boots unavailable)
Stlth   +.........               f - amulet "Uxos" {Acrobat Will++ Int+2}
HPRegen 0.37/turn                w - ring of magical power
MPRegen 0.26/turn                s - ring of magical power

@: under a protective aura, invisible
A: large, unfitting armour, tough skin 1
a: Renounce Religion


You were on level 1 of the Lair of Beasts.
You worshipped Vehumet.
Vehumet was most pleased with you.
You visited 2 branches of the dungeon, and saw 10 of its levels.

You collected 498 gold pieces.
You spent 360 gold pieces at shops.

Inventory:

Hand Weapons
 a - a +3 mace of protection (weapon)
 v - a +0 vorpal mace
Missiles
 d - 5 boomerangs of dispersal
 h - 6 curare-tipped darts
 p - 45 stones
 q - 5 atropa-tipped darts
 A - 4 large rocks
 C - 8 poisoned darts
 L - 4 throwing nets
Armour
 b - a +0 robe
 B - a +0 cloak (worn)
 E - a +2 robe of willpower
 I - +1 steam dragon scales (worn)
Jewellery
 f - the amulet "Uxos" (around neck) {Acrobat Will++ Int+2}
   (You acquired it on level 9 of the Dungeon)

   [amulet of the acrobat]

   It increases your evasion while moving and waiting.
   Int:       It affects your intelligence (+2).
   Will:      It greatly increases your willpower.
 s - a ring of magical power (right hand)
 t - a ring of wizardry
 w - a ring of magical power (left hand)
Wands
 H - a wand of iceblast (7)
 K - a wand of flame (32)
 M - a wand of charming (6)
Scrolls
 c - 2 scrolls of blinking
 e - 5 scrolls of immolation
 g - 4 scrolls of amnesia
 i - a scroll of torment
 l - 3 scrolls of noise
 r - a scroll of butterflies
 y - 3 scrolls of teleportation
 O - a scroll of magic mapping
 P - a scroll of enchant weapon
Potions
 j - 2 potions of curing
 k - 2 potions of degeneration
 m - 2 potions of invisibility
 n - 2 potions of haste
 u - 4 potions of flight
 x - 2 potions of mutation
 z - a potion of cancellation
 D - a potion of brilliance
 F - a potion of ambrosia
 G - 2 potions of resistance


   Skills:
 + Level 9.1 Fighting
 * Level 8.3 Maces & Flails
 - Level 6.0 Throwing
 - Level 5.0 Dodging
 + Level 7.7 Spellcasting
 + Level 6.0 Translocations


You had 9 spell levels left.
You knew the following spells:

 Your Spells              Type           Power      Damage    Failure   Level
a - Blink                 Tloc           50%        N/A       1%          2
b - Teleport Other        Tloc           25%        N/A       3%          3
c - Manifold Assault      Tloc           25%        N/A       10%         4
d - Vhi's Electric Charg  Tloc/Air       30%        N/A       10%         3
e - Lesser Beckoning      Tloc           50%        N/A       3%          3

Your spell library contained the following spells:

 Spells                   Type           Power      Damage    Failure   Level
 Airstrike                Air            3%         2d(1-17)  28%         4
 Freeze                   Ice            24%        1d4       3%          1
 Kiss of Death            Conj/Necr      24%        2d7       3%          1
 Sandblast                Erth           12%        2d6       3%          1
 Kindle Blastsparks       Fire/Tloc/Air  24%        2d12      4%          3
 Frozen Ramparts          Ice            12%        1d2       10%         3
 Hailstorm                Conj/Ice       6%         3d4       10%         3
 Ignite Poison            Fire/Tmut/Pois 6%         N/A       10%         3
 Stone Arrow              Conj/Erth      12%        3d7       10%         3
 Necrotise                Necr           24%        1d5       12%         1
 Ensorcelled Hibernation  Hex/Ice        12%        N/A       17%         2
 Passwall                 Tmut/Erth      5%         N/A       17%         2
 Confusing Touch          Hex            6%         N/A       34%         3
 Swiftness                Air            6%         N/A       34%         3
 Vampiric Draining        Necr           6%         2d6       34%         3
 Freezing Cloud           Conj/Ice/Air   3%         6-21      58%         5
 Dispel Undead            Necr           6%         3d8       75%         4
 Ice Form                 Ice/Tmut       6%         N/A       75%         4
 Summon Ice Beast         Ice/Summ       6%         N/A       75%         4
 Agony                    Necr           6%         N/A       97%         5
 Storm Form               Tmut/Air       3%         N/A       100%        7


Dungeon Overview and Level Annotations

Branches:
Dungeon (9/15)             Temple (0/1) D:4            Lair (1/5) D:9
    Orc: D:9-12

Altars:
Ashenzari
Cheibriados
Gozag
Hepliaklqana
Kikubaaqudgha
Okawaru
Qazlal
Trog
Vehumet
Wu Jian
Xom
The Shining One

Shops:
D:4 *


Innate Abilities, Weirdness & Mutations

You are too large for most types of armour.
You have tough skin. (AC +1)


Message History

The komodo dragon hisses angrily.
The cane toad closely misses you. The cane toad stings you!
* * * LOW HITPOINT WARNING * * *
You are lethally poisoned!
The cane toad poisons you!
You feel better. The cane toad stings you.
* * * LOW HITPOINT WARNING * * *
You feel much better. The cane toad barely misses you.
You hit the cane toad but do no damage.
Your weapon exudes an aura of protection.
The cane toad is moderately wounded.
The cane toad barely misses you.
The komodo dragon hisses angrily.
You sock the cane toad!
The cane toad is heavily wounded.
The komodo dragon hisses angrily.
The cane toad stings you!
You catch the helpless cane toad completely off-guard!
You sock the cane toad!
The cane toad is almost dead.
You hit the komodo dragon but do no damage.
The komodo dragon bites you but does no damage.
You barely miss the komodo dragon. The komodo dragon misses you.
You catch the helpless komodo dragon completely off-guard!
You hit the komodo dragon.
The komodo dragon is lightly wounded.
The komodo dragon bites you but does no damage.
You hit the cane toad.
The cane toad is almost dead.
The cane toad closely misses you.
The komodo dragon bites you but does no damage.
You hit the cane toad but do no damage.
The cane toad is almost dead.
The cane toad barely misses you. The komodo dragon bites you.
You closely miss the cane toad.
The cane toad is almost dead.
The cane toad stings you!
* * * LOW HITPOINT WARNING * * *
The komodo dragon bites you!!
You die...

#...........
#............
#.<..........
#...[........
#............
#............
##............
#....lF.......
##....@.......
#............
#............
#............
#............
#.........)..
#............
#............


You could see a komodo dragon (unable to see you) and a cane toad (unable to see
you).

Vanquished Creatures
  2 hornets (D:9)
  Prince Ribbit (D:6)
  12 yaks
  A basilisk (Lair:1)
  2 humans (D:8)
  4 steam dragons
  An acid dragon (D:9)
  A water moccasin (D:7)
  Duvessa (D:4)
  An orc warrior (D:8)
  2 ice beasts
  A sky beast (D:7)
  3 centaurs
  2 phantoms
  2 kobold brigands
  A gnoll sergeant (D:6)
  2 bullfrogs
  2 necrophages
  3 scorpions
  Dowan (D:4)
  2 elf skeletons (D:4)
  6 killer bees (D:8)
  A howler monkey (D:8)
  A human zombie (D:4)
  3 jellies
  3 orc priests
  A gnoll bouda (D:4)
  Natasha (thrice) (D:3)
  2 human skeletons (D:4)
  2 iguanas
  4 orc wizards
  11 gnolls
  9 adders
  A shadow imp (D:5)
  A white imp (D:7)
  An ufetubus (D:5)
  5 worms
  4 dart slugs
  10 orcs
  A ball python (D:1)
  5 endoplasms
  4 giant cockroaches
  6 goblins
  8 hobgoblins
  7 jackals
  5 quokkas
  8 bats
  6 frilled lizards
  13 kobolds
  An orc skeleton (D:4)
  6 rats
185 creatures vanquished.

Vanquished Creatures (others)
  2 orc wizards
  An orc (D:8)
  A kobold (D:8)
  19 fungi (D:7)
  5 plants (D:9)
28 creatures vanquished.

Grand Total: 213 creatures vanquished

Notes
Turn   | Place    | Note
-------+----------+-------------------------------------------
     0 | D:1      | KennySheep the Ogre Warper began the quest for the Orb.
     0 | D:1      | Reached XP level 1. HP: 22/22 MP: 3/3
   130 | D:1      | Reached XP level 2. HP: 19/29 MP: 5/5
   133 | D:1      | Learned a level 2 spell: Blink
   605 | D:1      | Reached skill level 3 in Fighting
   609 | D:1      | Reached XP level 3. HP: 31/37 MP: 7/7
  1340 | D:2      | Reached XP level 4. HP: 39/45 MP: 8/8
  1987 | D:3      | Noticed Natasha
  1997 | D:3      | Killed Natasha
  1998 | D:3      | Reached XP level 5. HP: 53/53 MP: 9/9
  2006 | D:3      | Noticed Natasha
  2016 | D:3      | Killed Natasha
  2159 | D:3      | Noticed Natasha
  2174 | D:3      | Killed Natasha
  2341 | D:3      | Found a faded altar of an unknown god.
  2363 | D:3      | Prayed at the altar of an unknown god.
  2363 | D:3      | Became a worshipper of Vehumet
  2363 | D:3      | Reached * piety under Vehumet
  2363 | D:3      | Offered knowledge of Magic Dart by Vehumet.
  2432 | D:3      | Reached skill level 4 in Fighting
  2432 | D:3      | Reached XP level 6. HP: 58/62 MP: 11/11
  2735 | D:3      | Found a glowing golden altar of the Shining One.
  3369 | D:4      | Found Gechoerr's Neck Hole.
  3450 | D:4      | Found a stormy altar of Qazlal.
  3582 | D:4      | Found a staircase to the Ecumenical Temple.
  3739 | D:4      | Reached ** piety under Vehumet
  3739 | D:4      | Offered knowledge of Scorch by Vehumet.
  3744 | D:4      | Reached XP level 7. HP: 66/71 MP: 12/12
  3754 | D:4      | Found a broken altar of Ashenzari.
  4106 | D:4      | Noticed Duvessa
  4106 | D:4      | Noticed Dowan
  4124 | D:4      | Killed Duvessa
  4127 | D:4      | Killed Dowan
  4389 | D:4      | Reached skill level 5 in Fighting
  4454 | D:4      | Learned a level 3 spell: Teleport Other
  4459 | D:4      | Learned a level 4 spell: Manifold Assault
  4463 | D:4      | Learned a level 3 spell: Vhi's Electric Charge
  4618 | D:5      | Entered Level 5 of the Dungeon
  4696 | D:5      | Reached XP level 8. HP: 80/80 MP: 14/14
  4834 | D:5      | Reached skill level 5 in Throwing
  5178 | D:5      | Found an ancient bone altar of Kikubaaqudgha.
  5621 | D:6      | Reached skill level 5 in Spellcasting
  5819 | D:6      | Reached skill level 6 in Fighting
  5828 | D:6      | Offered knowledge of Inner Flame by Vehumet.
  5985 | D:6      | Noticed Prince Ribbit
  5998 | D:6      | Killed Prince Ribbit
  5999 | D:6      | Reached skill level 5 in Maces & Flails
  5999 | D:6      | Reached XP level 9. HP: 77/89 MP: 17/17
  7782 | D:7      | Found a snail-covered altar of Cheibriados.
  7891 | D:8      | Reached skill level 7 in Fighting
  7913 | D:8      | Reached skill level 5 in Dodging
  8287 | D:8      | Reached *** piety under Vehumet
  8330 | D:8      | Found a bloodstained altar of Trog.
  8368 | D:8      | Learned a level 3 spell: Lesser Beckoning
  8579 | D:4      | Bought an amulet of guardian spirit for 360 gold pieces
  8675 | D:8      | Reached XP level 10. HP: 54/102 MP: 16/19
  8843 | D:8      | Found an ornate altar of the Wu Jian Council.
  8843 | D:8      | Found a hazy altar of Hepliaklqana.
  8893 | D:8      | Found a shimmering altar of Xom.
  9044 | D:8      | Reached skill level 5 in Translocations
  9063 | D:8      | Reached skill level 8 in Fighting
  9863 | D:8      | Found an iron altar of Okawaru.
 10195 | D:9      | Paralysed by a hornet for 2 turns
 10401 | D:9      | Offered knowledge of Airstrike by Vehumet.
 10645 | D:9      | Found an opulent altar of Gozag.
 10658 | D:9      | Paralysed by a hornet for 3 turns
 10922 | D:9      | Identified a scroll of acquirement
 10927 | D:9      | Acquired the amulet "Uxos" {Acrobat Will++ Int+2}
 11043 | D:9      | Reached skill level 9 in Fighting
 11206 | D:9      | Found a staircase to the Lair.
 11542 | Lair:1   | Entered Level 1 of the Lair of Beasts
 11543 | Lair:1   | Noticed a cane toad
 11576 | Lair:1   | Slain by a komodo dragon

Illustrated notes

Levels and vault maps discovered:
D:1:      dpeg_arrival_windows_large_door, layout_basic,
          grunt_decor_mini_mirrors
D:2:      layout_basic, minmay_unequal
D:3:      layout_basic, lemuel_tele_altar,
          shapermc_ecumenical_altar_mp_vishouse, serial_aquarium,
          aquarium_bridge_square [aquarium_subvault_bridge,
          aquarium_subvault_bridge, aquarium_subvault_window,
          aquarium_subvault_wall], aquarium_bridge_long_separate
          [aquarium_subvault_wall, aquarium_subvault_bridge,
          aquarium_subvault_bridge, aquarium_subvault_bridge,
          aquarium_subvault_balcony, aquarium_subvault_bridge],
          aquarium_window_2, aquarium_window_corner, aquarium_window_3,
          aquarium_view_2d, aquarium_view_4, aquarium_balcony_3a, minivault_11,
          st_stairs_10, uniq_natasha
D:4:      layout_loops_ring, lemuel_crystal_altar,
          nicolae_overflow_crystal_walls, minmay_temple_entry_offerings,
          nicolae_ossuary_entry_catacombs, nicolae_shop_sticking_my_neck_out,
          uniq_duvessa
D:5:      layout_cave_pools, amcnicky_altar_gilded
D:6:      layout_loops_ring, minmay_misc_feat_enclosed, uniq_prince_ribbit1
D:7:      kennysheep_steamy, layout_loops_ring, nicolae_overflow_hidden_temple
D:8:      layout_basic, okawaru_humans,
          mainiacjoe_overflow_concentric_impassable,
          mainiacjoe_overflow_small_starburst,
          gammafunk_temple_overflow_elements
D:9:      layout_roguey, mainiacjoe_overflow_brackets, david_lair_shrubbed,
          minmay_liquid_box
Lair:1:   layout_long_grid, serial_bayou_shore_a

Skill      XL: |  1  2  3  4  5  6  7  8  9 10 |
---------------+-------------------------------+-----
Maces & Flails | 2 3 5 6 8 |  8.3
Fighting       | 3 4 5 6 7 9 |  9.1
Throwing       | 2 3 4 5 6 |  6.0
Spellcasting   | 3 4 5 6 7 |  7.7
Dodging        | 3 4 5 |  5.0
Translocations | 3 4 6 |  6.0

Action                   |  1- 3 |  4- 6 |  7- 9 | 10-12 || total
-------------------------+-------+-------+-------+-------++-------
Melee: Mace              |   116 |   196 |   456 |   259 ||  1027
       Punch             |       |     2 |     4 |    11 ||    17
Throw: Boomerang         |     2 |       |       |       ||     2
       Stone             |       |     9 |    14 |       ||    23
       Dart              |       |       |    18 |     1 ||    19
 Cast: Blink             |     1 |       |     3 |    11 ||    15
       Teleport Other    |       |       |     6 |     2 ||     8
       Vhi's Electric Ch |       |       |     3 |     1 ||     4
       Manifold Assault  |       |       |     5 |     4 ||     9
       Lesser Beckoning  |       |       |     1 |     1 ||     2
  Use: Scroll            |     4 |     5 |     5 |     7 ||    21
       Potion            |       |       |     8 |     4 ||    12
 Stab: Invisible         |       |       |       |     2 ||     2
Armor: Robe              |    33 |    95 |   172 |       ||   300
       Steam dragon scal |       |       |    68 |   100 ||   168
Dodge: Dodged            |    69 |   114 |   272 |   117 ||   572

Table legend: (Time is in decaauts)
 A = Elapsed time spent in this place.
 B = Non-inter-level travel time spent in this place.
 C = Inter-level travel time spent in this place.
 D = Time resting spent in this place.
 E = Time spent auto-exploring this place.
 F = Levels seen in this place.
 G = Mean time per level.
                   A        B        C        D        E       F      G
               +--------+--------+--------+--------+--------+-----+--------+
         Total |  11768 |  10919 |    849 |   2212 |   6397 |  10 | 1176.8 |
       Dungeon |  11735 |  10887 |    848 |   2212 |   6397 |   9 | 1303.9 |
          Lair |     33 |     33 |      0 |      0 |      0 |   1 |   33.0 |
               +--------+--------+--------+--------+--------+-----+--------+

Top non-repeatable levels by time:
     D:8: 2146 daAuts
     D:7: 1818 daAuts
     D:4: 1567 daAuts
     D:3: 1381 daAuts
     D:9: 1091 daAuts
     D:2: 1077 daAuts
     D:1: 941 daAuts
     D:6: 883 daAuts
     D:5: 827 daAuts
  Lair:1: 33 daAuts
